AoeStats
← Sovrano-di-Capiate

Arena

509952905Analyzed
1v1 RM · 3d ago on Sep 28, 2026· 45m 10s· 2 players
Game mode
Random Map
Map size
Tiny (2 player)
Population
200
Speed
Normal
Resources
Standard
Victory
Conquest
Starting age
Dark Age
Ending age
Imperial Age
RankedLock teamsTeams togetherTeam positionsShared explorationLock speedFull tech treeHidden civsTurbo modeCheats
Victory
Defeat
🇺🇦 Celts · Ukraine
865
+16
🇮🇹 Saracens · Italy
870
-40
Soare
11:37 Feudal Age
15:36 Castle Age
17:20 Double-Bit Axe
17:17 Horse Collar
21:26 Bow Saw
21:50 Loom
22:20 Heavy Plow
24:51 Wheelbarrow
30:47 Imperial Age
29:22 Padded Archer Armor
29:13 Fletching
29:33 Forging
29:24 Scale Mail Armor
29:22 Gold Mining
29:25 Stone Mining
32:16 Gold Shaft Mining
32:20 Stone Shaft Mining
31:31 Pikeman
32:47 Hand Cart
33:18 Leather Archer Armor
33:39 Iron Casting
33:20 Chain Mail Armor
33:00 Bodkin Arrow
35:01 Elite Skirmisher
36:15 Ring Archer Armor
35:45 Bodkin Arrow
37:03 Scale Barding Armor
37:32 Plate Mail Armor
38:05 Blast Furnace
40:31 Scale Barding Armor
40:22 Bodkin Arrow
41:40 Chain Barding Armor
42:41 Husbandry
42:08 Cavalier
44:20 Paladin
Sovrano-di-Capiate
12:21 Feudal Age
11:02 Loom
12:49 Horse Collar
12:58 Double-Bit Axe
14:08 Wheelbarrow
16:04 Gold Mining
17:33 Stone Mining
19:58 Fletching
23:57 Castle Age
25:45 Hand Cart
25:42 Bow Saw
25:35 Heavy Plow
26:21 Gold Shaft Mining
29:48 Scale Barding Armor
29:56 Forging
32:09 Iron Casting
31:55 Chain Barding Armor
31:18 Crossbowman
34:46 Ballistics
35:43 Thumb Ring
35:43 Husbandry
35:52 Bodkin Arrow
35:58 Padded Archer Armor
39:25 Imperial Age
41:08 Chemistry
Connection lost

Rejoining the realm…

Still unreachable

The connection could not be restored.

Session expired

The server has moved on; the page needs a fresh start.